 Dungeon Sprint DCSS version 0.27-a0-74-gebd156f8b4 (webtiles) character file.

Game seed: 4340543810927682779

1293 rocky1 the Geomancer (level 8, -4/54 HPs)
             Began as a Gargoyle Earth Elementalist on Jan 12, 2021.
             Was a Believer of Sif Muna.
             Slain by Snorg (14 damage)
             ... in the Dungeon (Sprint III: "The Ten Rune Challenge").
             The game lasted 00:05:06 (952 turns).

rocky1 the Geomancer (Gargoyle Earth Elementalist)   Turns: 952, Time: 00:05:07

Health: -4/54      AC:  7    Str: 11    XL:     8   Next: 56%
Magic:  16/20      EV: 14    Int: 19    God:    Sif Muna [**....]
Gold:   57         SH:  0    Dex: 10    Spells: 8/23 levels left

rFire    . . .     SeeInvis .   a - +0 club
rCold    . . .     Faith    .   (no shield)
rNeg     + . .     Spirit   .   c - +0 robe
rPois    ∞         Reflect  .   (no helmet)
rElec    +         Harm     .   (no cloak)
rCorr    .         Rampage  .   (no gloves)
Will     .....     NoTele   +   (no boots)
Stlth    ++........             (no amulet)
HPRegen  0.18/turn              (no ring)
MPRegen  0.17/turn              (no ring)

@: no status effects
A: negative energy resistance 1, electricity resistance, unbreathing,
petrification resistance, miasma immunity, AC +5
a: Renounce Religion, Channel Magic


You were in the Dungeon.
You worshipped Sif Muna.
Sif Muna was pleased with you.
You visited 1 branch You collected 57 gold pieces.

Inventory:

Hand Weapons
 a - a +0 club (weapon)
 q - a +2 long sword of holy wrath
Missiles
 b - 5 stones
Armour
 c - a +0 robe (worn)
Scrolls
 i - a scroll of blinking
 j - a scroll of immolation {unknown}
 k - 2 scrolls of enchant weapon {unknown}
 l - 2 scrolls of remove curse {unknown}
 n - a scroll of holy word {unknown}
 o - 2 scrolls of identify
Potions
 d - 2 potions of curing
 f - a potion of haste
 g - 2 potions of magic
 h - 2 potions of berserk rage
 m - 3 potions of flight
 p - 6 potions of mutation
 r - a potion of might
Miscellaneous
 s - a tin of tremorstones (2/2)


   Skills:
 + Level 7.9 Fighting
 - Level 3.0 Maces & Flails
 + Level 6.3 Dodging
 - Level 2.1 Stealth
 + Level 8.1 Spellcasting
 - Level 0.7 Transmutations
 + Level 12.7 Earth Magic
 + Level 7.0 Invocations


You had 8 spell levels left.
You knew the following spells:

 Your Spells              Type           Power        Failure   Level
a - Sandblast             Erth           100%         1%          1
b - Stone Arrow           Conj/Erth      62%          1%          3
c - Lee's Rapid Deconstr  Erth           27%          1%          5
d - Petrify               Tmut/Erth      33%          5%          4
e - Blink                 Tloc           N/A          14%         2

Your spell library contained the following spells:

 Spells                   Type           Power        Failure   Level
 Passwall                 Tmut/Erth      27%          1%          2
 Animate Skeleton         Necr           14%          9%          1
 Apportation              Tloc           14%          9%          1
 Corona                   Hex            7%           9%          1
 Magic Dart               Conj           28%          9%          1
 Summon Small Mammal      Summ           28%          9%          1
 Call Imp                 Summ           7%           14%         2
 Slow                     Hex            7%           14%         2
 Conjure Flame            Conj/Fire      7%           26%         3
 Mephitic Cloud           Conj/Pois/Air  7%           26%         3


Dungeon Overview and Level Annotations

Branches:
Dungeon (1/1)

Altars:
Cheibriados
Dithmenos
Elyvilon
Fedhas
Gozag
Hepliaklqana
Kikubaaqudgha
Makhleb
Nemelex Xobeh
Okawaru
Qazlal
Ru
Sif Muna
Trog
Uskayaw
Vehumet
Wu Jian
Xom
Yredelemnul
Zin
The Shining One
Beogh
Jiyva
Lugonu

Annotations:
D Snorg


Innate Abilities, Weirdness & Mutations

You are resistant to torment.
Your stone body is resilient. (AC +5)
You are immune to poison.
You resist negative energy. (rN+)
You are resistant to electric shocks. (rElec)
You can survive without breathing.
You are immune to petrification.
You are immune to miasma.


Message History

Aiming: Lee's Rapid Deconstruction (dangerous; 1% risk of failure)
Press: ? - help, Dir - move target A stone wall.
The wall shatters!
The blast of rock fragments hits Snorg!
Snorg is moderately wounded.
Snorg bites you! Snorg claws you but does no damage. Snorg closely misses you.
Snorg barely misses you. x2; Snorg claws you.
Casting: Lee's Rapid Deconstruction (dangerous; 1% risk of failure)
Confirm with . or Enter, or press ? or * to list all spells.
Aiming: Lee's Rapid Deconstruction (dangerous; 1% risk of failure)
Press: ? - help, Dir - move target A stone wall.
The wall shatters!
The blast of rock fragments hits Snorg!
Snorg is heavily wounded.
Snorg bites you!! Snorg closely misses you. Snorg claws you!
* * * LOW HITPOINT WARNING * * *
You feel much better.
You feel less invigorated. Snorg bites you!!
* * * LOW HITPOINT WARNING * * *
Snorg claws you but does no damage. Snorg misses you. Snorg bites you!
You die...

♣♣..###'#)###'##
..♣.#..........#
..♣.'.⌠........#
≈♣..#...######'#
....#.⌠.#__#...#+#####
....#...#__#...#..≈≈≈+
....#)###__#...#§#≈≈§#
....#...#__#...'T#T.§#
....#___#__'...#@#.§.#
▓▓▓▓▓▓▓▓▓▓▓▓▓▓▓▓▓▓▓▓▓▓


You could see Snorg (berserk).

Vanquished Creatures
  A deep elf mage (D)
  A shadow (D)
  A spatial vortex (D)
  A necrophage (D)
  A water elemental (D)
  A scorpion (D)
  A jelly (D)
  A wizard (D)
  Jessica (D)
  A necromancer (D)
  A kobold demonologist (D)
  3 humans (D)
  An ooze (D)
  2 rats (D)
17 creatures vanquished.

Notes
Turn   | Place    | Note
-------+----------+-------------------------------------------
     0 | D        | rocky1 the Gargoyle Earth Elementalist began the quest for
                  | the Orb.
     0 | D        | Reached XP level 1. HP: 10/10 MP: 3/3
     8 | D        | Reached skill level 5 in Earth Magic
   120 | D        | Noticed Jessica
   123 | D        | Killed Jessica
   124 | D        | Reached skill level 8 in Earth Magic
   124 | D        | Reached XP level 2. HP: 15/15 MP: 0/5
   124 | D        | Reached XP level 3. HP: 19/19 MP: 0/6
   197 | D        | Learned a level 3 spell: Stone Arrow
   267 | D        | Noticed a scorpion
   274 | D        | Killed a scorpion
   275 | D        | Reached skill level 9 in Earth Magic
   275 | D        | Reached XP level 4. HP: 24/24 MP: 3/10
   379 | D        | Noticed a water elemental
   381 | D        | Killed a water elemental
   382 | D        | Reached skill level 5 in Spellcasting
   382 | D        | Reached skill level 10 in Earth Magic
   382 | D        | Reached XP level 5. HP: 31/31 MP: 8/12
   417 | D        | Learned a level 5 spell: Lee's Rapid Deconstruction
   422 | D        | Learned a level 4 spell: Petrify
   429 | D        | Found a radiant altar of Vehumet.
   429 | D        | Found a shimmering blue altar of Sif Muna.
   429 | D        | Found an ancient bone altar of Kikubaaqudgha.
   442 | D        | Became a worshipper of Sif Muna the Loreminder
   468 | D        | Found a glowing silver altar of Zin.
   468 | D        | Found a glowing golden altar of the Shining One.
   468 | D        | Found a white marble altar of Elyvilon.
   468 | D        | Noticed a deep elf mage
   470 | D        | Killed a deep elf mage
   471 | D        | Reached skill level 5 in Dodging
   471 | D        | Reached skill level 11 in Earth Magic
   471 | D        | Reached XP level 6. HP: 41/41 MP: 2/15
   471 | D        | Reached XP level 7. HP: 46/46 MP: 2/17
   570 | D        | Found a hide-covered altar of Uskayaw.
   570 | D        | Found a roughly hewn altar of Beogh.
   570 | D        | Found an iron altar of Okawaru.
   570 | D        | Found a bloodstained altar of Trog.
   570 | D        | Found an ornate altar of the Wu Jian Council.
   570 | D        | Noticed a human
   570 | D        | Noticed a human
   572 | D        | Killed a human
   573 | D        | Reached skill level 12 in Earth Magic
   573 | D        | Reached skill level 5 in Invocations
   573 | D        | Killed a human
   573 | D        | Reached * piety under Sif Muna
   574 | D        | Reached XP level 8. HP: 53/53 MP: 2/19
   681 | D        | Found a basalt altar of Yredelemnul.
   681 | D        | Found a shadowy altar of Dithmenos.
   681 | D        | Found a sacrificial altar of Ru.
   749 | D        | Reached ** piety under Sif Muna
   749 | D        | Noticed a shadow
   756 | D        | Killed a shadow
   877 | D        | Found a blossoming altar of Fedhas.
   877 | D        | Found a stormy altar of Qazlal.
   877 | D        | Found a snail-covered altar of Cheibriados.
   877 | D        | Found a burning altar of Makhleb.
   877 | D        | Found a shimmering altar of Xom.
   880 | D        | Found a hazy altar of Hepliaklqana.
   880 | D        | Found an opulent altar of Gozag.
   880 | D        | Found a sparkling altar of Nemelex Xobeh.
   880 | D        | Found a corrupted altar of Lugonu.
   880 | D        | Found a viscous altar of Jiyva.
   937 | D        | Learned a level 2 spell: Blink
   943 | D        | Noticed Snorg
   952 | D        | Slain by Snorg

Illustrated notes

Levels and vault maps discovered:
D:        dungeon_sprint_mu [sprint_mu_entry_forest, sprint_mu_temple_rooms,
          sprint_mu_d1_horrors, sprint_mu_d2_genie, sprint_mu_d3_branching,
          sprint_mu_orc_legion, sprint_mu_elf_gauntlet, sprint_mu_hive_nellie,
          sprint_mu_lair_fedhas, sprint_mu_vaults_butterflies,
          sprint_mu_slime_circle, sprint_mu_shoals_kraken,
          sprint_mu_snake_twists, sprint_mu_blade_basic,
          sprint_mu_crypt_chambers, sprint_mu_tomb_spiral,
          sprint_mu_vestibule_basic, sprint_mu_gehenna_hellfire,
          sprint_mu_dis_giant, sprint_mu_tartarus_statrot,
          sprint_mu_cocytus_islands, sprint_mu_zot1]

Skill      XL: |  1  2  3  4  5  6  7  8 |
---------------+-------------------------+-----
Earth Magic    | 8 9 10 11 12 | 12.7
Spellcasting   | 4 5 6 7 8 |  8.1
Fighting       | 2 6 7 |  7.9
Maces & Flails | 2 3 |  3.0
Dodging        | 2 5 6 |  6.3
Invocations    | 4 6 7 |  7.0
Stealth        | |  2.1
Transmutations | |  0.7

Action                   |  1- 3 |  4- 6 |  7- 9 || total
-------------------------+-------+-------+-------++-------
Melee: Unarmed           |     5 |       |       ||     5
       Club              |       |       |     1 ||     1
 Cast: Sandblast         |    12 |     6 |     7 ||    25
       Lee's Rapid Decon |       |     2 |    13 ||    15
Invok: Channel Magic     |       |       |     1 ||     1
  Use: Potion            |       |       |     1 ||     1
Armor: Robe              |     5 |       |     2 ||     7
Dodge: Dodged            |     2 |     1 |     8 ||    11

Table legend: (Time is in decaauts)
 A = Elapsed time spent in this place.
 B = Non-inter-level travel time spent in this place.
 C = Inter-level travel time spent in this place.
 D = Time resting spent in this place.
 E = Time spent auto-exploring this place.
 F = Levels seen in this place.
 G = Mean time per level.
                   A        B        C        D        E       F      G
               +--------+--------+--------+--------+--------+-----+--------+
         Total |    954 |    954 |      0 |    650 |      0 |   1 |  954.0 |
       Dungeon |    954 |    954 |      0 |    650 |      0 |   1 |  954.0 |
               +--------+--------+--------+--------+--------+-----+--------+

Top non-repeatable levels by time:
       D: 954 daAuts
